 Dungeon Crawl Stone Soup version 0.22-a0-880-gb7b0c8b (webtiles) character file.

93 prawnwizard the Cudgeler (level 4, -5/34 HPs)
             Began as a Demonspawn Gladiator on July 30, 2018.
             Slain by Crazy Yiuf
             ... wielding a +2 quarterstaff of chaos
              (9 damage)
             ... on level 2 of the Dungeon.
             The game lasted 00:01:30 (1906 turns).

prawnwizard the Cudgeler (Demonspawn Gladiator)     Turns: 1906, Time: 00:01:30

Health: -5/34      AC:  9    Str: 15    XL:     4   Next: 36%
Magic:  2/4        EV:  7    Int: 10    God:
Gold:   77         SH:  0    Dex: 14    Spells: 3/3 levels left

rFire    . . .     SeeInvis .   a - +0 flail
rCold    . . .     Gourm    .   (no shield)
rNeg     . . .     Faith    .   j - +0 chain mail (curse)
rPois    .         Spirit   .   c - +0 helmet
rElec    .         Reflect  .   (no cloak)
rCorr    .         Harm     .   (no gloves)
MR       .....                  (no boots)
Stlth    ..........             (no amulet)
HPRegen  0.11/turn              (no ring)
MPRegen  0.09/turn              (no ring)

@: lethally poisoned (-5 -> -14), very slightly contaminated, invisible
A: talons 1, powered by death 1
a: no special abilities


You were on level 2 of the Dungeon.
You were not hungry.

You visited 1 branch of the dungeon, and saw 2 of its levels.

You collected 77 gold pieces.

Inventory:

Hand Weapons
 a - a +0 flail (weapon)
Missiles
 d - 3 throwing nets (quivered)
Armour
 b - a +0 leather armour
 c - a +0 helmet (worn)
 h - a +0 ring mail
 j - a cursed +0 chain mail (worn)
Scrolls
 i - a scroll of random uselessness {unknown}
 l - 2 scrolls of identify {unknown}
 m - a scroll of remove curse {unknown}
 n - a scroll of teleportation {unknown}
 o - 2 scrolls of enchant weapon {unknown}
 q - a scroll of noise {unknown}
Potions
 e - 3 potions of resistance {unknown}
 k - a potion of curing {unknown}
 p - a potion of might {unknown}
Comestibles
 f - 7 rations
 g - 2 chunks of flesh


   Skills:
 + Level 2.8 Fighting
 * Level 3.9 Maces & Flails
 - Level 1.7 Throwing
 + Level 3.3 Dodging


You had 3 spell levels left.
You didn't know any spells.
Your spell library was empty.

Dungeon Overview and Level Annotations

Branches:
Dungeon (2/15)

Altars:

Annotations:
D:2 Crazy Yiuf


Innate Abilities, Weirdness & Mutations

You have sharp toenails.
You regenerate a little health from kills.


Message History

Crazy Yiuf is heavily wounded.
You feel sick.
Crazy Yiuf hits you with a quarterstaff of chaos!
You fade into invisibility!
You are very lightly contaminated with residual magic.
Crazy Yiuf hits you with a quarterstaff of chaos.
* * * LOW HITPOINT WARNING * * *
You convulse.
* * * LOW HITPOINT WARNING * * *
Your chain mail prevents you from hitting Crazy Yiuf.
Your kick misses Crazy Yiuf.
Crazy Yiuf is heavily wounded.
* * * LOW HITPOINT WARNING * * *
You feel sick. Crazy Yiuf closely misses you. x2
You hit Crazy Yiuf. You claw Crazy Yiuf.
Crazy Yiuf is severely wounded.
* * * LOW HITPOINT WARNING * * *
You feel sick.
Crazy Yiuf hits you with a quarterstaff of chaos!
You die...

#.#######.##.#########
######### #.#
####.##.#### ##
........####.#
#...#......# #.
####......####
##########.# ##
.....##.### #.######
##.###...##
♣♣♣♣♣##.......
##.#.>....# ####
♣♣♣.♣......#####
#.#.#...##
#...#♣..♣.......# #
#.#.##.##
#..g@.♣♣♣♣......# #
#.#.....# #)..#♣♣
♣♣♣...## # #.####).#
#### ♣#########
##.###...## #.......
......###.# ##.#####
##.##.# #.###########
####......
#.##.###.#......##.#
#.#..<####
#.##....##.....###.#
#......)..
#..).#####..#### #.#
###...####


You could see Crazy Yiuf.

Vanquished Creatures
  An orc wizard (D:2)
  An adder (D:2)
  An ooze (D:1)
  A worm (D:2)
  3 dart slugs
  4 orcs (D:2)
  A ball python (D:1)
  7 bats
  2 giant cockroaches
  7 goblins
  2 hobgoblins
  2 kobolds (D:1)
  5 rats
37 creatures vanquished.

Notes
Turn   | Place    | Note
-------+----------+-------------------------------------------
     0 | D:1      | prawnwizard the Demonspawn Gladiator began the quest for the Orb.
     0 | D:1      | Reached XP level 1. HP: 16/16 MP: 1/1
   476 | D:1      | Gained mutation: You regenerate a little health from kills. [demonic ancestry]
   476 | D:1      | Reached XP level 2. HP: 17/22 MP: 2/2
  1021 | D:1      | Gained mutation: You have sharp toenails. [demonic ancestry]
  1021 | D:1      | Reached XP level 3. HP: 27/28 MP: 3/3
  1419 | D:2      | Reached XP level 4. HP: 33/34 MP: 4/4
  1642 | D:2      | Found a runed door.
  1899 | D:2      | Noticed Crazy Yiuf
  1906 | D:2      | Slain by Crazy Yiuf

Vault maps used:
D:1:      doesnt_arrival_eight_statues, minmay_heptomino_h4
D:2:      uniq_crazy_yiuf_cottage

Skill      XL: |  1  2 |
---------------+-------+-----
Maces & Flails | 3 |  3.9
Dodging        | 3 |  3.3
Fighting       | |  2.8
Throwing       | |  1.7

Action                   |  1- 3 |  4- 6 || total
-------------------------+-------+-------++-------
Melee: Flail             |    96 |    30 ||   126
       Kick              |    10 |    12 ||    22
 Stab: Sleeping          |     3 |       ||     3
  Eat: Chunk             |     2 |     1 ||     3
Armor: Leather armour    |     4 |       ||     4
       Chain mail        |    38 |    10 ||    48
       Ring mail         |    14 |       ||    14
Dodge: Dodged            |    59 |     5 ||    64

Table legend:
 A = Spawn XP
 B = Non-spawn XP
 C = Spawn XP percentage of total XP
 D = Spawn monster count
 E = Non-spawn monster count
 F = Spawn count percentage of total count
 G = Total turns spent on level
                    A         B        C        D         E        F      G
               +---------+---------+-------+---------+---------+-------+---------
         Total |       0 |     133 |   0.0 |       0 |      37 |   0.0 |  1906
               +---------+---------+-------+---------+---------+-------+---------
           D:1 |       0 |      41 |   0.0 |       0 |      20 |   0.0 |  1195
           D:2 |       0 |      92 |   0.0 |       0 |      17 |   0.0 |   711
               +---------+---------+-------+---------+---------+-------+---------
